 Dungeon Crawl Stone Soup version 0.30.0-5-g1a98f26d00 (webtiles) character file.

Game seed: 15021654872085573553

198 qeuew the Covered (level 5, -2/45 (47) HPs)
             Began as a Minotaur Fighter on May 11, 2023.
             Was a Believer of Makhleb.
             Killed from afar by an orc wizard (12 damage)
             ... with a magic dart
             ... on level 3 of the Dungeon.
             The game lasted 00:01:38 (1752 turns).

qeuew the Covered (Minotaur Fighter)                Turns: 1752, Time: 00:01:38

HP:   -2/45 (47)    AC:  7    Str: 21    XL:     5   Next: 47%
MP:   5/5           EV: 10    Int:  5    God:    Makhleb [**....]
Gold: 128           SH:  5    Dex: 11    Spells: 4/4 levels left

rFire   . . .        a - +1 war axe
rCold   . . .        c - +1 buckler
rNeg    . . .        b - +0 scale mail
rPois   .            (helmet restricted)
rElec   .            (no cloak)
rCorr   .            (no gloves)
SInv    +            (no boots)
Will    .....        (no amulet) Stlth
                     f - ring of see invisible
HPRegen 0.27/turn    (no ring)
MPRegen 0.09/turn

%: no passive effects
@: lightly drained
A: horns 2, retaliatory headbutt
a: Renounce Religion, Minor Destruction


You were on level 3 of the Dungeon.
You worshipped Makhleb.
Makhleb was pleased with you.
You visited 1 branch of the dungeon, and saw 3 of its levels.

You collected 128 gold pieces.

Inventory:

Hand Weapons
 a - a +1 war axe (weapon)
Armour
 b - a +0 scale mail (worn)
 c - a +1 buckler (worn)
Jewellery
 f - a ring of see invisible (left hand)
Wands
 h - a wand of flame (15)
Potions
 d - 2 potions of might


   Skills:
 + Level 4.4 Fighting
 + Level 3.5 Axes
 * Level 5.0 Armour
 + Level 1.8 Dodging
 + Level 4.3 Shields
 + Level 1.6 Invocations
 + Level 0.1 Evocations


You had 4 spell levels left.
You didn't know any spells.
Your spell library was empty.

Dungeon Overview and Level Annotations

Branches:
Dungeon (3/15)

Altars:
Makhleb

Shops:
D:1 !


Innate Abilities, Weirdness & Mutations

You have a pair of horns on your head.
You reflexively headbutt those who attack you in melee.


Message History

The orc hits you from afar with a +0 trident.
You block the orc's attack.
Things that are here:
a +0 whip; an orc corpse You hit the orc.
The orc is moderately wounded.
You hit the orc wizard but do no damage.
The orc closely misses you.
The orc wizard hits you but does no damage.
The orc hits you but does no damage.
You slash the orc!
You kill the orc!
Makhleb accepts your kill.
You closely miss the orc wizard.
A bat comes into view.
The orc wizard casts a spell at you. You resist with some effort.
You block the orc's attack.
The bat moves out of view.
You hit the rat.
You kill the rat!
Makhleb accepts your kill.
You barely miss the orc wizard.
The orc wizard gestures at you while chanting.
The puff of flame hits you!
* * * LOW HITPOINT WARNING * * *
The orc closely misses you. You block the orc's attack.
You slash the orc wizard!
The orc wizard is almost dead.
The orc hits you but does no damage.
The orc wizard hits you but does no damage.
You barely miss the orc wizard. Your headbutt misses the orc wizard.
The orc wizard is almost dead.
You hit the orc.
The orc hits you with a +0 short sword of draining.
* * * LOW HITPOINT WARNING * * *
You feel drained.
* * * LOW HITPOINT WARNING * * *
The orc wizard points at you and mumbles some strange words.
The magic dart hits you!
You die...

# ###
###.# #<#
......#@#
#.oo#
#.o†#
##.## ..
..# o..
r...
.....


You could see an orc wizard and 2 orcs.

Vanquished Creatures
  Natasha (thrice) (D:2)
  4 gnolls (D:2)
  5 adders (D:2)
  2 worms (D:2)
  2 orcs (D:3)
  2 bats (D:2)
  6 endoplasms
  3 goblins
  A hobgoblin (D:1)
  A quokka (D:3)
  2 ball pythons
  2 frilled lizards (D:2)
  4 kobolds
  4 rats
41 creatures vanquished.

Notes
Turn   | Place    | Note
-------+----------+-------------------------------------------
     0 | D:1      | qeuew the Minotaur Fighter began the quest for the Orb.
     0 | D:1      | Reached XP level 1. HP: 19/19 MP: 0/0
   165 | D:1      | Found a faded altar of an unknown god.
   222 | D:1      | Found Waskats's Distillery.
   259 | D:1      | Prayed at the altar of an unknown god.
   259 | D:1      | Became a worshipper of Makhleb the Destroyer
   259 | D:1      | Reached * piety under Makhleb
   529 | D:1      | Reached XP level 2. HP: 27/27 MP: 1/1
   780 | D:2      | Reached skill level 4 in Armour
   919 | D:2      | Reached XP level 3. HP: 33/33 MP: 2/2
   931 | D:2      | Reached ** piety under Makhleb
   955 | D:2      | Reached skill level 1 in Dodging
  1030 | D:2      | Reached skill level 1 in Invocations
  1206 | D:2      | Reached XP level 4. HP: 40/40 MP: 3/3
  1277 | D:2      | Noticed Natasha
  1283 | D:2      | Killed Natasha
  1307 | D:2      | Reached XP level 5. HP: 46/46 MP: 5/5
  1493 | D:2      | Noticed Natasha
  1498 | D:2      | Killed Natasha
  1727 | D:2      | Noticed Natasha
  1734 | D:2      | Killed Natasha
  1735 | D:2      | Reached skill level 5 in Armour
  1752 | D:3      | Killed from afar by an orc wizard

Illustrated notes

Levels and vault maps discovered:
D:1:      dpeg_arrival_circle_labyrinth_a, layout_loops_ring,
          basic_ecumenical_altar, serial_shops, shop, chequers_mini_garden
D:2:      layout_basic, chequers_big_river, uniq_natasha
D:3:      layout_basic, grunt_decor_fettered, minmay_joined_circles

Skill      XL: |  1  2  3  4  5 |
---------------+----------------+-----
Armour         | 4 5 |  5.0
Fighting       | 4 |  4.4
Dodging        | 1 |  1.8
Shields        | 4 |  4.3
Invocations    | 1 |  1.6
Axes           | 3 |  3.5
Evocations     | |  0.1

Action                     |  1- 3 |  4- 6 || total
---------------------------+-------+-------++-------
  Melee: War axe           |    52 |    17 ||    69
         Headbutt          |     6 |     1 ||     7
 Invoke: Minor Destruction |     6 |    22 ||    28
    Use: Scroll            |     5 |     1 ||     6
 Armour: Scale mail        |    25 |     5 ||    30
  Dodge: Dodged            |    17 |     9 ||    26
  Block: Buckler           |    15 |     9 ||    24
